 Dungeon Crawl Stone Soup version 0.30.0-5-g1a98f26d00 (webtiles) character file.

Game seed: 1806130092499131378

2 dialectric the Covert (level 1, 0/23 HPs)
             Began as a Gnoll Delver on May 9, 2023.
             Slain by an orc
             ... wielding a +0 club
              (5 damage)
             ... on level 6 of the Dungeon.
             The game lasted 00:00:10 (30 turns).

dialectric the Covert (Gnoll Delver)                  Turns: 30, Time: 00:00:11

Health: 0/23       AC:  3    Str: 11    XL:     1   Next: 30%
Magic:  1/1        EV: 13    Int:  9    God:
Gold:   11         SH:  0    Dex: 13    Spells: 0/0 levels left

rFire   . . .        a - +0 short sword
rCold   . . .        (no shield)
rNeg    . . .        b - +0 leather armour
rPois   .            (no helmet)
rElec   .            (no cloak)
rCorr   .            (no gloves)
SInv    .            (no boots)
Will    .....        (no amulet)
Stlth   ++++         (no ring)
HPRegen 0.23/turn    (no ring)
MPRegen 0.07/turn

%: no passive effects
@: no status effects
A: fangs 1, strong nose, distributed training
a: no special abilities


You were on level 6 of the Dungeon.
You visited 1 branch of the dungeon, and saw 2 of its levels.

You collected 11 gold pieces.

Inventory:

Hand Weapons
 a - a +0 short sword (weapon)
Armour
 b - a +0 leather armour (worn)
Wands
 g - a wand of digging (2)
Scrolls
 c - a scroll of fog
 d - a scroll of magic mapping
 e - a scroll of fear
Potions
 f - a potion of haste


   Skills:
 + Level 6.4 Fighting
 + Level 4.4 Short Blades
 + Level 0.0 Long Blades
 + Level 0.0 Axes
 + Level 0.0 Maces & Flails
 + Level 0.0 Polearms
 + Level 0.0 Staves
 + Level 0.0 Ranged Weapons
 + Level 0.0 Throwing
 + Level 0.0 Armour
 + Level 4.4 Dodging
 + Level 9.5 Stealth
 + Level 0.0 Shields
 + Level 0.0 Unarmed Combat
 + Level 0.0 Spellcasting
 + Level 0.0 Conjurations
 + Level 0.0 Hexes
 + Level 0.0 Summonings
 + Level 0.0 Necromancy
 + Level 0.0 Translocations
 + Level 0.0 Transmutations
 + Level 0.0 Fire Magic
 + Level 0.0 Ice Magic
 + Level 0.0 Air Magic
 + Level 0.0 Earth Magic
 + Level 0.0 Poison Magic
 + Level 0.1 Invocations
 + Level 0.0 Evocations


You couldn't memorise any spells.
You didn't know any spells.
Your spell library was empty.

Dungeon Overview and Level Annotations

Branches:
Dungeon (6/15)
 Temple: D:4-7

Altars:

Shops:
D:5 *


Innate Abilities, Weirdness & Mutations

You have very sharp teeth.
Your uncanny sense of smell can sniff out nearby items.
Your experience applies equally to all skills.


Message History

Unknown command.
You hit the orc.
The orc is heavily wounded.
The orc hits you but does no damage. The orc barely misses you.
You barely miss the orc. Your bite misses the orc.
The orc is heavily wounded.
The orc hits you with a +0 hand axe. The orc barely misses you.
You hit the orc but do no damage.
The orc is heavily wounded.
You hit the orc but do no damage.
The orc is heavily wounded.
The orc barely misses you. The orc hits you with a +0 hand axe.
You are too injured to fight recklessly!
You are too injured to fight recklessly!
You are too injured to fight recklessly!
You are too injured to fight recklessly!
Unknown command.
You hit the orc.
The orc is severely wounded.
The orc hits you with a +0 hand axe. The orc hits you but does no damage.
You closely miss the orc.
The orc is severely wounded.
The orc closely misses you. The orc barely misses you.
You hit the orc.
You kill the orc!
The orc barely misses you. The orc misses you. The orc misses you.
Things that are here:
a +0 trident; an orc corpse You completely miss the orc.
You hit the orc but do no damage. The orc hits you with a +0 hand axe.
The orc hits you with a +0 club. The orc hits you with a +0 hand axe.
The orc misses you.
Aiming: Dig
Press: ? - help, Shift-Dir - straight line A rock wall.
The rock shatters into small pieces.
The orc hits you with a +0 hand axe.
* * * LOW HITPOINT WARNING * * *
The orc hits you with a +0 club.
You die...

## #.#
#.##########
#####.#........
.......oo......
∆ #@o......
#oo......
#........
#........
#........
#........
###+#####


You could see 5 orcs.

Vanquished Creatures
  An orc (D:6)
1 creature vanquished.

Notes
Turn   | Place    | Note
-------+----------+-------------------------------------------
     0 | D:5      | Reached skill level 9 in Stealth
     0 | D:5      | dialectric the Gnoll Delver began the quest for the Orb.
     0 | D:5      | Reached XP level 1. HP: 23/23 MP: 1/1
     4 | D:5      | Noticed a black bear
     8 | D:5      | Noticed an orc wizard
    15 | D:5      | Found Duntuef's Assorted Antiques.
    30 | D:6      | Slain by an orc

Illustrated notes

Levels and vault maps discovered:
D:5:      layout_layer_cave, hangedman_ru_absence, trog_book, serial_shops,
          shop, uniq_blork_the_orc
D:6:      layout_gridville, amcnicky_altar_gilded, uniq_maggie

Skill      XL: | |
---------------+-+-----
Stealth        | |  9.5
Fighting       | |  6.4
Short Blades   | |  4.4
Dodging        | |  4.4
Invocations    | |  0.1

Action                     || total
---------------------------++-------
  Melee: Short sword       ||    10
  Evoke: Wand              ||     1
 Armour: Leather armour    ||     2
  Dodge: Dodged            ||    10
